 Dungeon Crawl Stone Soup version 0.31-a0-844-gdc52ec4e09 (webtiles) character file.

Game seed: 16786199168369558838

200 EiAlmux the Sneak (level 5, 0/51 HPs)
             Began as an Octopode Shapeshifter on Sept 28, 2023.
             Slain by a kobold brigand
             ... wielding a +0 club
              (3 damage)
             ... in a sewer.
             The game lasted 00:09:16 (1619 turns).

EiAlmux the Sneak (Octopode Shapeshifter)           Turns: 1619, Time: 00:09:16

Health: 0/51       AC: 22    Str: 13    XL:     5   Next: 79%
Magic:  5/5        EV:  2    Int: 12    God:
Gold:   154        SH:  0    Dex: 14    Spells: 4/4 levels left

rFire   . . .        l - +0 dagger (chaos)
rCold   . . .        (no shield)
rNeg    . . .        (helmet currently unavailable)
rPois   +            (no amulet)
rElec   .            (no ring)
rCorr   .            (no ring)
SInv    .            (no ring)
Will    .....        (no ring)
Stlth   +++          (no ring)
HPRegen 0.28/turn    (no ring)
MPRegen 0.09/turn    (no ring)
                     (no ring)

%: no passive effects
@: brilliant, tree-form (expiring), hasted, quick
A: stationary, stasis, torment immunity, boosted hp, almost no armour,
(amphibious), 8 rings, (camouflage 1), (gelatinous body 1), (nimble swimmer 1),
(tentacles)
a: no special abilities


You were in a sewer.
You were a tree.
You visited 1 branch of the dungeon, and saw 3 of its levels.
You also visited: Sewer.

You collected 154 gold pieces.

Inventory:

Hand Weapons
 f - a +0 short sword
 l - a +0 dagger of chaos (weapon)
Talismans
 b - a beast talisman
 c - a flux talisman
Scrolls
 e - 2 scrolls of teleportation
 h - a scroll of poison
Potions
 d - 2 potions of degeneration


   Skills:
 + Level 2.2 Fighting
 + Level 1.4 Short Blades
 - Level 2.0 Dodging
 * Level 4.0 Stealth
 + Level 3.7 Unarmed Combat
 * Level 3.9 Shapeshifting


You had 4 spell levels left.
You didn't know any spells.
Your spell library contained the following spells:

 Spells                   Type           Power      Damage    Failure   Level
 Freeze                   Ice            0%         1d3       32%         1
 Magic Dart               Conj           0%         1d3       32%         1
 Call Imp                 Summ           0%         N/A       45%         2
 Frozen Ramparts          Ice            0%         1d1       69%         3
 Hailstorm                Conj/Ice       0%         3d3       69%         3
 Mephitic Cloud           Conj/Pois/Air  0%         N/A       69%         3


Dungeon Overview and Level Annotations

Branches:
Dungeon (3/15)              Sewer (1/1)

Altars:


Innate Abilities, Weirdness & Mutations

You are a tree.
Your roots penetrate the ground, keeping you stationary.
You cannot be teleported.
You are immune to unholy pain and torment.
Your maximum health is greatly increased.
You cannot wear most types of armour.
((You are amphibious.))
You can wear up to eight rings at the same time.
((Your skin changes colour to match your surroundings (Stealth+).))
((Your rubbery body absorbs attacks. (AC +1, EV +1)))
((You are camouflaged when in or above water. (Stealth+)))
((You have tentacles for arms and can constrict up to eight enemies at once.))


Message History

It is a scroll of amnesia.
You feel forgetful for a moment.
As you read the scroll labelled QERE SURYEWK, it crumbles to dust.
You feel aware of your surroundings.
It was a scroll of revelation.
The kobold brigand hits you but does no damage.
As you read the scroll labelled FEKHLI NYISSASM, it crumbles to dust.
It is a scroll of brand weapon.
Your +0 dagger erupts in a glittering mayhem of colour.
l - a +0 dagger of chaos (weapon)
The kobold brigand hits you but does no damage.
You closely miss the kobold brigand.
The kobold brigand is almost dead.
You barely miss the kobold brigand.
The kobold brigand is almost dead.
The kobold brigand splashes around in the water.
You hit the kobold brigand.
The kobold brigand seems to speed up.
The kobold brigand is almost dead.
The kobold brigand hits you but does no damage.
You hit the kobold brigand. You burn the kobold brigand.
You kill the kobold brigand!
You hear a splash. x2
The kobold brigand throws a curare-tipped dart.
The curare-tipped dart hits you.
Your Stealth skill increases to level 4!
You cannot move.
You cannot move.
You cannot move.
You cannot move.
As you read the scroll labelled JECZI QELOPE, it crumbles to dust.
The creatures around you are filled with an inner flame!
It was a scroll of immolation.
You cannot move.
You hit the kobold brigand but do no damage.
The kobold brigand is poisoned.
The kobold brigand is heavily wounded.
Your transformation is almost over.
You closely miss the kobold brigand.
The kobold brigand is heavily wounded.
The kobold brigand hits you with a +0 club.
You die...

*** #.~..## ##~.~~#
####§~~#########~..#
####..°#########...#
####~○°#########~~.#
####~.○#########~~~##
###~~~°~#######~~~~.#
###~###~#######~###~#
###~###K#######.# #.#
###.###♣#######~###~##
##..~#~§☼#####~~~#~.~#
##~#~#°#°#####~#~#~#~#
##~#~#~#~#####~#†#~#~#
##~#~#○#§#####~#~#~#~#
##.#.#○#○#####)#.#.#.#
######################
###############


You could see a kobold brigand (inner flame, very poisoned).

Vanquished Creatures
  A kobold brigand (Sewer)
  6 adders
  5 worms
  An orc (D:3)
  8 endoplasms
  4 giant cockroaches
  4 goblins
  A hobgoblin (D:1)
  2 quokkas (D:2)
  7 ball pythons
  4 bats
  4 frilled lizards
  10 kobolds
  7 rats
64 creatures vanquished.

Notes
Turn   | Place    | Note
-------+----------+-------------------------------------------
     0 | D:1      | EiAlmux the Octopode Shapeshifter began the quest for the
                  | Orb.
     0 | D:1      | Reached XP level 1. HP: 13/13 MP: 1/1
    93 | D:1      | Reached skill level 1 in Stealth
   106 | D:1      | Reached XP level 2. HP: 18/18 MP: 2/2
   188 | D:1      | Reached skill level 2 in Stealth
   411 | D:2      | Reached XP level 3. HP: 23/23 MP: 3/3
   995 | D:2      | Reached XP level 4. HP: 20/29 MP: 4/4
  1259 | D:3      | Reached skill level 3 in Stealth
  1426 | D:3      | Reached skill level 1 in Short Blades
  1433 | D:3      | Reached XP level 5. HP: 26/34 MP: 5/5
  1443 | D:3      | Found a glowing drain.
  1450 | Sewer    | Entered a sewer
  1571 | Sewer    | Noticed a kobold brigand
  1571 | Sewer    | Noticed a kobold brigand
  1606 | Sewer    | HP: 1/51 [kobold brigand/+0 club (5)]
  1615 | Sewer    | Killed a kobold brigand
  1616 | Sewer    | Reached skill level 4 in Stealth
  1619 | Sewer    | Slain by a kobold brigand

Illustrated notes

Levels and vault maps discovered:
D:1:      dpeg_arrival_tiny_f, layout_basic
D:2:      layout_loops_ring
D:3:      layout_basic, lightli_sewer_entry_pipes, chequers_serial_rivers_marsh,
          dk_noncrumbling_2
Sewer:    sewer_co_tree

Skill      XL: |  1  2  3  4  5 |
---------------+----------------+-----
Stealth        | 1 2 3 4 |  4.0
Short Blades   | 1 |  1.4
Fighting       | 2 |  2.2
Dodging        | |  2.0
Unarmed Combat | |  3.7
Shapeshifting  | |  3.9

Action                     |  1- 3 |  4- 6 || total
---------------------------+-------+-------++-------
  Melee: Unarmed           |    16 |       ||    16
         Constrict         |    16 |    10 ||    26
         Tentacles         |    17 |    10 ||    27
         Short sword       |    41 |       ||    41
         Dagger            |     9 |    56 ||    65
    Use: Scroll            |       |     9 ||     9
         Potion            |       |     3 ||     3
   Stab: Sleeping          |    13 |     8 ||    21
 Armour: Skin              |    22 |    27 ||    49
  Dodge: Dodged            |    24 |    14 ||    38
         Form:             |     1 |       ||     1
         Beast             |     1 |       ||     1

Table legend: (Time is in decaauts)
 A = Elapsed time spent in this place.
 B = Non-inter-level travel time spent in this place.
 C = Inter-level travel time spent in this place.
 D = Time resting spent in this place.
 E = Time spent auto-exploring this place.
 F = Levels seen in this place.
 G = Mean time per level.
                   A        B        C        D        E       F      G
               +--------+--------+--------+--------+--------+-----+--------+
         Total |   1617 |   1541 |     76 |      0 |   1045 |   4 |  404.2 |
       Dungeon |   1447 |   1371 |     76 |      0 |    962 |   3 |  482.3 |
         Sewer |    170 |    170 |      0 |      0 |     83 |   1 |  170.0 |
               +--------+--------+--------+--------+--------+-----+--------+

Top non-repeatable levels by time:
     D:2: 813 daAuts
     D:1: 391 daAuts
     D:3: 242 daAuts
   Sewer: 170 daAuts
